 Dungeon Crawl Stone Soup version 0.15.0-23-gc2b521c (webtiles) character file.

45458 Johnny the Carver (level 14, 0/111 HPs)
             Began as a Human Berserker on Sept 7, 2014.
             Was a High Priest of Trog.
             Slain by a manticore (1 damage)
             ... on Level 1 of the Shoals on Sept 8, 2014.
             The game lasted 01:17:08 (22342 turns).

Johnny the Carver (Human Berserker)                Turns: 22342, Time: 01:17:08

HP   0/111       AC 19     Str 24      XL: 14   Next: 71%
MP  26/26        EV 11     Int  8      God: Trog [*****.]
Gold 1680        SH 19     Dex 15      Spells:  0 memorised, 13 levels left

rFire  + . .     SeeInvis +     t - +7 broad axe "Oblucik" {flame, +Fly rPois SInv}
rCold  + . .     Clarity  +     m - +4 scale mail
rNeg   . . .     rCorr    +     Z - +1 large shield
rPois  +         rRot     .     P - +0 helmet
rElec  +         Spirit   .     E - +0 cloak
SustAb .         Warding  .     n - +0 pair of gloves
rMut   .         Stasis   .     C - +0 pair of boots {Fly}
Gourm  .                        J - amulet of clarity
MR     +++..                    H - +3 ring of slaying
                                w - +5 ring of strength

@: resistant, manticore barbs, flying, regenerating, extremely resistant to
hostile enchantments, extremely unstealthy
A: fangs 1, rough black scales 1, deformed body, poison resistance
a: Burn Spellbooks, Berserk, Trog's Hand, Brothers in Arms, Renounce Religion,
Stop Flying


You were on level 1 of the Shoals.
You worshipped Trog.
Trog was extremely pleased with you.
You were hungry.

You visited 3 branches of the dungeon, and saw 18 of its levels.
You also visited: Ossuary.

You collected 1680 gold pieces.

Inventory:

Hand weapons
 e - a +1 antimagic demon blade
 t - the +7 broad axe "Oblucik" (weapon) {flame, +Fly rPois SInv}
   (You found it on level 7 of the Lair of Beasts)

   It emits flame when wielded, causing extra injury to most foes and up to
   double damage against particularly susceptible opponents.
   Big, fiery blades are also staple armaments of hydra-hunters.
   It protects you from poison.
   It enhances your eyesight.
   It lets you fly.
 R - a +3 falchion of freezing
 S - a +1 scimitar of holy wrath
 V - a +2 falchion of slicing
Missiles
 B - a throwing net
 K - 8 tomahawks (quivered)
Armour
 m - a +4 scale mail (worn)
 n - a +0 pair of gloves (worn)
 C - a +0 pair of boots of flying (worn)
 E - a +0 cloak (worn)
 P - a +0 helmet (worn)
 Z - a +1 large shield (worn)
Magical devices
 q - a wand of slowing (11)
 r - a wand of slowing (15)
 y - a wand of paralysis (8)
 G - a wand of slowing (8)
 U - a wand of polymorph (7)
 X - a wand of cold (0)
 Y - a wand of confusion (10)
Comestibles
 b - a beef jerky
 p - 20 fruits
 A - 8 meat rations
 L - a slice of pizza
Scrolls
 a - a scroll of remove curse
 f - 2 scrolls of fog
 h - 7 scrolls of teleportation
 i - 8 scrolls of enchant weapon
 j - 7 scrolls of magic mapping
 o - a scroll of immolation
 v - a scroll of recharging
 M - a scroll of amnesia
 O - a scroll of fear
 Q - 3 scrolls of blinking
 W - 3 scrolls of vulnerability
Jewellery
 w - a +5 ring of strength (left hand)
 x - an uncursed ring of see invisible
 H - a +3 ring of slaying (right hand)
 J - an amulet of clarity (around neck)
Potions
 c - 3 potions of haste
 d - 11 potions of curing
 g - 2 potions of agility
 k - 5 potions of brilliance
 l - 3 potions of magic
 s - a potion of porridge
 u - 2 potions of restore abilities
 z - 3 potions of cure mutation
 D - a potion of resistance
 I - a potion of might
 N - a potion of cancellation
 T - a potion of invisibility
Books
 F - a book of Wizardry

   Spells                             Type                      Level
   Agony                              Necromancy                   5
   Force Lance                        Conjuration                  5
   Dispersal                          Translocation                6
   Haste                              Charms                       6
   Invisibility                       Hexes                        6
   Spellforged Servitor               Conjuration/Summoning        7
   Trog disapproves of the use of such an item.


   Skills:
 * Level 10.7 Fighting
 * Level 11.0 Long Blades
 * Level 3.4 Axes
 * Level 10.5 Armour
 * Level 10.6 Dodging
 * Level 10.3 Shields
 * Level 9.0 Evocations


You had 13 spell levels left.
You didn't know any spells.

Dungeon Overview and Level Annotations

Branches:
Dungeon (9/15)             Temple (0/1) D:4             Orc (0/4) D:9
   Lair (8/8) D:9          Shoals (1/5) Lair:5        Snake (0/5) Lair:4
  Slime (0/6) Lair:7

Altars:
Fedhas
Kikubaaqudgha
The Shining One
Jiyva

Shops:
D:4 =


Innate Abilities, Weirdness & Mutations

You have very sharp teeth.
You are partially covered in rough black scales (AC +4, Dex -1).
Armour fits poorly on your strangely shaped body.
Your system is resistant to poisons.


Message History

You block the harpy's attack. x2
Your ogre closely misses the manticore.
The merfolk throws a tomahawk.
The tomahawk barely misses you.
The tomahawk hits the harpy!!
You block the manticore's attack. The manticore claws you.
* * * LOW HITPOINT WARNING * * *
The manticore claws you.
* * * LOW HITPOINT WARNING * * *
A harpy comes into view.
The barbed spikes dig painfully into your body as you move.
* * * LOW HITPOINT WARNING * * *
The harpy screeches!
Your ogre hits the manticore with a giant club!
The merfolk throws a tomahawk.
You block the tomahawk.
The merfolk impaler hits you with a trident!
* * * LOW HITPOINT WARNING * * *
You block the harpy's attack. x2
The manticore bites you!
* * * LOW HITPOINT WARNING * * *
The manticore misses you. The manticore claws you.
You die...

≈..≈≈≈≈≈≈
≈≈≈≈≈≈≈≈≈≈≈≈
≈≈.≈≈≈≈≈≈≈≈.≈≈
≈≈..≈≈≈≈≈≈≈≈≈≈≈≈
≈≈≈≈≈≈≈≈≈≈≈≈≈≈≈≈≈
≈≈≈≈≈H.≈≈≈≈≈≈≈≈≈≈
≈≈≈≈≈≈HS...≈≈≈≈≈≈≈
..≈≈≈..H.HO≈≈≈≈≈≈≈≈
≈..≈≈.##@..≈≈≈≈≈≈≈≈
... ##m≈m≈≈≈≈≈≈≈ .
...≈≈≈≈≈≈≈≈
#....≈≈≈≈≈≈≈
#.....≈≈≈≈≈≈≈
#.........≈≈≈
#..........≈
##.......≈ ....


You could see a merfolk impaler, a sea snake, a merfolk, a manticore, 3 harpies
and a friendly ogre (berserk).

Vanquished Creatures
  5 hydras
  3 death yaks (Lair:8)
  A catoblepas (Lair:5)
  A hill giant (D:7)
  3 griffons
  5 elephants (Lair:4)
  A torpor snail (Lair:4)
  21 spiny frogs
  5 black mambas
  A feature mimic (Lair:4)
  7 komodo dragons
  2 fire drakes
  27 blink frogs
  A polar bear (Lair:6)
  A boulder beetle (Lair:6)
  3 giant leeches (Lair:8)
  4 basilisks
  8 vampire mosquitoes (Lair:8)
  2 steam dragons (D:6)
  A hungry ghost (D:9)
  27 yaks
  7 hippogriffs
  10 porcupines
  13 water moccasins
  4 nagas (Lair:4)
  A wolf (D:8)
  A phantom (D:6)
  2 sky beasts
  2 ice beasts
  4 ogres
  6 centaurs
  2 orc warriors
  11 crocodiles
  28 giant frogs
  A big kobold (D:9)
  Blork the orc (D:4)
  11 scorpions
  6 electric eels
  5 wights (D:7)
  3 crimson imps
  3 centaur zombies (Ossuary)
  12 hounds
  Crazy Yiuf (D:4)
  10 iguanas
  5 orc priests
  A jelly (D:5)
  7 orc wizards
  Natasha (twice) (D:4)
  35 sheep
  5 worker ants
  An ogre zombie (D:8)
  Ijyb (D:2)
  A big kobold zombie (Ossuary)
  A crocodile zombie (D:9)
  A big kobold skeleton (D:8)
  An ogre skeleton (D:8)
  Terence (D:2)
  3 mummies
  A gnoll (D:2)
  106 green rats
  20 adders
  2 scorpion zombies (Ossuary)
  2 giant mites
  A shadow imp (D:8)
  2 worms (D:3)
  2 iguana zombies
  An adder skeleton (D:7)
  A giant eyeball (D:7)
  5 giant geckos
  38 orcs
  6 giant cockroaches
  3 gnoll zombies (Ossuary)
  13 hobgoblins
  23 jackals
  20 kobolds
  10 bats
  7 giant newts
  12 goblins
  5 goblin zombies
  2 hobgoblin zombies (Ossuary)
  3 kobold zombies (Ossuary)
  2 orc zombies (Ossuary)
  19 quokkas
  A quokka zombie (D:4)
  15 rats
  2 fungi
  A plant (Lair:8)
663 creatures vanquished.

Vanquished Creatures (collateral kills)
  Harold (Lair:5)
  2 hydras (Lair:7)
  A komodo dragon (Lair:7)
  An orc warrior (D:9)
  5 sheep (Lair:5)
  An orc (D:9)
11 creatures vanquished.

Vanquished Creatures (others)
  A spiny frog (Lair:6)
  A sheep (Lair:5)
  A mummy (Ossuary)
  Natasha (D:4)
  A goblin zombie (Ossuary)
  A fungus (Lair:8)
  A plant (Lair:8)
7 creatures vanquished.

Grand Total: 681 creatures vanquished

Notes
Turn   | Place    | Note
--------------------------------------------------------------
     0 | D:1      | Johnny, the Human Berserker, began the quest for the Orb.
     0 | D:1      | Reached XP level 1. HP: 18/18 MP: 1/1
   229 | D:1      | Reached XP level 2. HP: 24/24 MP: 2/2
   677 | D:2      | Reached XP level 3. HP: 27/29 MP: 3/3
   682 | D:2      | Acquired Trog's second power
  1266 | D:2      | Found a blossoming altar of Fedhas.
  1299 | D:2      | Noticed Ijyb
  1313 | D:2      | Killed Ijyb
  1313 | D:2      | Reached XP level 4. HP: 36/36 MP: 4/4
  1629 | D:2      | Noticed Terence
  1636 | D:2      | Killed Terence
  1722 | D:2      | Reached XP level 5. HP: 28/42 MP: 5/5
  2308 | D:3      | Reached skill level 4 in Fighting
  2410 | D:3      | Reached skill level 1 in Shields
  2410 | D:3      | Reached XP level 6. HP: 8/48 MP: 6/6
  3431 | D:4      | Found a sand-covered staircase.
  3443 | Ossuary  | Entered an ossuary
  3555 | Ossuary  | Reached XP level 7. HP: 33/55 MP: 7/7
  4241 | Ossuary  | Reached XP level 8. HP: 58/61 MP: 8/8
  4623 | Ossuary  | Reached skill level 5 in Long Blades
  4902 | D:4      | Found Iciolejaos' Jewellery Shop.
  4940 | D:4      | Noticed Blork the orc
  4949 | D:4      | Killed Blork the orc
  4949 | D:4      | Reached skill level 5 in Fighting
  5271 | D:4      | Acquired Trog's third power
  5340 | D:4      | Found a staircase to the Ecumenical Temple.
  5438 | D:4      | Noticed Natasha
  5470 | D:4      | Killed Natasha
  5483 | D:4      | Noticed Natasha
  5493 | D:4      | Killed Natasha
  5504 | D:4      | Noticed Natasha
  5506 | D:4      | Killed Natasha
  5534 | D:4      | Noticed Crazy Yiuf
  5542 | D:4      | Killed Crazy Yiuf
  5983 | D:5      | Entered Level 5 of the Dungeon
  6177 | D:5      | Reached skill level 5 in Dodging
  6424 | D:5      | Reached skill level 5 in Armour
  6568 | D:5      | Reached XP level 9. HP: 66/68 MP: 9/9
  6744 | D:5      | Gained mutation: You are clumsy. (Dex -2) [potion of mutation]
  6744 | D:5      | Gained mutation: Armour fits poorly on your strangely shaped body. [potion of mutation]
  6744 | D:5      | Gained mutation: You have very sharp teeth. [potion of mutation]
  6745 | D:5      | Lost mutation: You are clumsy. (Dex -2) [potion of mutation]
  6745 | D:5      | Gained mutation: Your system is resistant to poisons. [potion of mutation]
  7451 | D:6      | Found an ancient bone altar of Kikubaaqudgha.
  7485 | D:6      | Reached skill level 6 in Long Blades
  7698 | D:6      | You fall through a shaft for 2 floors!
  8278 | D:8      | Reached skill level 5 in Shields
  8466 | D:8      | Found a glowing golden altar of the Shining One.
  9058 | D:7      | Reached XP level 10. HP: 76/76 MP: 10/10
  9259 | D:7      | Noticed a hill giant
  9269 | D:7      | Killed a hill giant
  9269 | D:7      | Reached skill level 7 in Long Blades
  9269 | D:7      | Reached skill level 1 in Evocations
  9909 | D:9      | Found a staircase to the Orcish Mines.
 10048 | D:9      | HP: 1/79 [orc warrior/glaive (9)]
 10314 | D:9      | Received a gift from Trog
 10375 | D:9      | Found a staircase to the Lair.
 10616 | D:9      | Reached XP level 11. HP: 84/84 MP: 17/17
 10696 | D:9      | Reached skill level 8 in Long Blades
 11056 | Lair:1   | Entered Level 1 of the Lair of Beasts
 11299 | Lair:1   | Received a gift from Trog
 12309 | Lair:2   | Reached skill level 5 in Evocations
 13361 | Lair:3   | Received a gift from Trog
 13820 | Lair:3   | Reached XP level 12. HP: 93/93 MP: 6/20
 14487 | Lair:4   | Noticed a six-headed hydra
 14530 | Lair:4   | Noticed a four-headed hydra
 14792 | Lair:4   | Reached skill level 9 in Long Blades
 14952 | Lair:4   | Killed a six-headed hydra
 14966 | Lair:4   | Killed a four-headed hydra
 15010 | Lair:4   | Received a gift from Trog
 15422 | Lair:4   | Received a gift from Trog
 15685 | Lair:4   | Found a staircase to the Snake Pit.
 16616 | Lair:4   | Reached XP level 13. HP: 101/101 MP: 23/23
 17224 | Lair:5   | Noticed Harold
 17247 | Lair:5   | Killed Harold
 17632 | Lair:6   | Reached skill level 10 in Long Blades
 18797 | Lair:7   | Reached skill level 10 in Fighting
 18853 | Lair:7   | Received a gift from Trog
 18893 | Lair:7   | Got an encrusted broad axe
 18901 | Lair:7   | Identified the +7 broad axe "Oblucik" {flame, +Fly rPois SInv} (You found it on level 7 of the Lair of Beasts)
 19283 | Lair:7   | Found a viscous altar of Jiyva.
 19283 | Lair:7   | Found a staircase to the Slime Pits.
 19436 | Lair:7   | Reached skill level 10 in Armour
 19594 | Lair:7   | Reached skill level 1 in Axes
 19716 | Lair:8   | Entered Level 8 of the Lair of Beasts
 19731 | Lair:8   | Reached skill level 10 in Dodging
 19734 | Lair:8   | Reached XP level 14. HP: 110/110 MP: 25/25
 20348 | Lair:8   | Received a gift from Trog
 20818 | Lair:8   | Reached skill level 10 in Shields
 21122 | Lair:8   | Reached skill level 11 in Long Blades
 21624 | Lair:5   | Gained mutation: You are partially covered in rough black scales (AC +4, Dex -1). [potion of beneficial mutation]
 21811 | Lair:5   | Found a staircase to the Shoals.
 22330 | Shoals:1 | Entered Level 1 of the Shoals
 22342 | Shoals:1 | HP: 1/111 [manticore (8)]
 22342 | Shoals:1 | Slain by a manticore

Action                   |  1- 3 |  4- 6 |  7- 9 | 10-12 | 13-15 || total
-------------------------+-------+-------+-------+-------+-------++-------
Melee: Falchion          |   127 |   312 |   713 |   761 |   325 ||  2238
       Demon blade       |       |       |       |    93 |       ||    93
       Broad axe         |       |       |       |       |   266 ||   266
Invok: Berserk           |     2 |     3 |    10 |    12 |    12 ||    39
       Trog's Hand       |       |     1 |     5 |     9 |    16 ||    31
       Brothers in Arms  |       |       |       |     1 |     3 ||     4
Evoke: Wand              |       |       |     3 |    25 |    11 ||    39
  Use: Scroll            |     6 |       |    18 |    11 |     7 ||    42
       Potion            |       |       |     3 |     2 |     3 ||     8
 Stab: Distracted        |       |       |     1 |       |       ||     1
       Confused          |       |       |       |       |     1 ||     1
  Eat: Meat ration       |     1 |       |       |       |     2 ||     3
       Chunk             |       |     6 |     6 |    21 |    15 ||    48
       Fruit             |       |     4 |       |       |     5 ||     9
       Bread ration      |       |       |     4 |     4 |     1 ||     9
       Pizza             |       |       |     1 |       |       ||     1
       Beef jerky        |       |       |     1 |     1 |     1 ||     3
       Royal jelly       |       |       |     1 |       |       ||     1
